 Dungeon Crawl Stone Soup version 0.27-a0-1206-g6342a01c75 (webtiles) character file.

Game seed: 7565217980066058654

4090 Analysis the Spear-Bearer (level 10, -18/82 HPs)
             Began as a Merfolk Gladiator on June 5, 2021.
             Was a Follower of Makhleb.
             Demolished by a two-headed ogre
             ... wielding a +0 giant spiked club
              (27 damage)
             ... on level 8 of the Dungeon.
             The game lasted 01:09:10 (11119 turns).

Analysis the Spear-Bearer (Merfolk Gladiator)      Turns: 11119, Time: 01:09:10

Health: -18/82     AC: 11    Str: 14    XL:     10   Next: 26%
Magic:  15/15      EV: 14    Int:  7    God:    Makhleb [*.....]
Gold:   337        SH:  0    Dex: 20    Spells: 9/9 levels left

rFire    + . .     SeeInvis .   a - +1 trident
rCold    + . .     Faith    .   (no shield)
rNeg     . . .     Spirit   .   u - +0 ring mail
rPois    .         Reflect  .   c - +0 helmet
rElec    .         Harm     .   v - +0 cloak
rCorr    .         Rampage  .   s - +2 pair of gloves
Will     .....                  t - +0 pair of boots
Stlth    +.........             (no amulet)
HPRegen  0.23/turn              g - ring of protection from fire
MPRegen  0.14/turn              j - ring of protection from cold

@: flying
A: (nimble swimmer 2), mertail
a: Renounce Religion


You were on level 8 of the Dungeon.
You worshipped Makhleb.
Makhleb was aware of your devotion.
You visited 2 branches of the dungeon, and saw 10 of its levels.

You collected 337 gold pieces.

Inventory:

Hand Weapons
 a - a +1 trident (weapon)
Armour
 c - a +0 helmet (worn)
 s - a +2 pair of gloves (worn)
 t - a +0 pair of boots (worn)
 u - a +0 ring mail (worn)
 v - a +0 cloak (worn)
Jewellery
 g - a ring of protection from fire (left hand)
 j - a ring of protection from cold (right hand)
 F - a ring of flight
Wands
 f - a wand of polymorph (7)
 o - a wand of charming (16)
 z - a wand of mindburst (5)
 C - a wand of paralysis (6)
Scrolls
 b - a scroll of enchant armour {unknown}
 m - a scroll of silence {unknown}
 p - a scroll of enchant weapon
 r - a scroll of acquirement
 w - a scroll of magic mapping {unknown}
 x - a scroll of summoning {unknown}
 A - a scroll of teleportation {unknown}
 G - a scroll of fear {unknown}
 H - a scroll of immolation {unknown}
 I - a scroll of torment {unknown}
Potions
 e - a potion of cancellation {unknown}
 i - a potion of ambrosia {unknown}
 k - 2 potions of resistance
 l - 6 potions of brilliance
 n - 5 potions of curing
 q - 3 potions of mutation
 B - a potion of magic {unknown}
 D - a potion of flight


   Skills:
 + Level 8.9 Fighting
 - Level 14.0 Polearms
 - Level 2.0 Throwing
 + Level 5.6 Dodging
 - Level 7.1 Invocations


You had 9 spell levels left.
You didn't know any spells.
Your spell library contained the following spells:

 Spells                   Type           Power      Damage    Failure   Level
 Animate Skeleton         Necr           0%         N/A       67%         1
 Apportation              Tloc           0%         N/A       67%         1
 Corona                   Hex            0%         N/A       67%         1
 Pain                     Necr           0%         1d4       67%         1
 Ensorcelled Hibernation  Hex/Ice        0%         N/A       82%         2
 Confusing Touch          Hex            0%         N/A       96%         3
 Dazzling Flash           Conj/Hex       0%         N/A       96%         3
 Lesser Beckoning         Tloc           0%         N/A       96%         3
 Tukima's Dance           Hex            0%         N/A       96%         3
 Vampiric Draining        Necr           0%         2d6       96%         3
 Animate Dead             Necr           0%         N/A       100%        4
 Agony                    Necr           0%         N/A       100%        5
 Alistair's Intoxication  Tmut/Pois      0%         N/A       100%        5
 Invisibility             Hex            0%         N/A       100%        6


Dungeon Overview and Level Annotations

Branches:
Dungeon (9/15)             Temple (1/1) D:4            Lair (0/6) D:9
    Orc: D:9-12

Altars:
Ashenzari
Dithmenos
Elyvilon
Gozag
Hepliaklqana
Kikubaaqudgha
Makhleb
Nemelex Xobeh
Okawaru
Ru
Sif Muna
Trog
Uskayaw
Vehumet
Wu Jian
Xom
Yredelemnul
Zin
The Shining One

Shops:
D:4 *


Innate Abilities, Weirdness & Mutations

((You are quick and stealthy near water. (Stealth+, EV+, Speed+++)))
Your lower body shifts to a powerful aquatic tail in water.


Message History

Press: ? - help, Shift-Dir - straight line, f/p - two-headed ogre
Aim: a two-headed ogre, wielding a +0 giant spiked club and a +0 giant club (lightly wounded, chance to affect: 28%)
The two-headed ogre easily resists.
The two-headed ogre hits you with a +0 giant spiked club.
The two-headed ogre hits you with a +0 giant club!!
Aiming: Paralyse
Press: ? - help, Shift-Dir - straight line, f/p - two-headed ogre
Aim: a two-headed ogre, wielding a +0 giant spiked club and a +0 giant club (lightly wounded, chance to affect: 28%)
The two-headed ogre easily resists.
The two-headed ogre hits you with a +0 giant spiked club!
The two-headed ogre hits you with a +0 giant club!
You feel much better.
Aiming: Paralyse
Press: ? - help, Shift-Dir - straight line, f/p - two-headed ogre
Aim: a two-headed ogre, wielding a +0 giant spiked club and a +0 giant club (lightly wounded, chance to affect: 28%)
The two-headed ogre easily resists.
The two-headed ogre completely misses you.
The two-headed ogre barely misses you.
Okay, then.
Okay, then.
Throw: throwing net
Press: ? - help, Q - select action, (/) - cycle Shift-Dir - straight line, f/p - two-headed ogre
Aim: a two-headed ogre, wielding a +0 giant spiked club and a +0 giant club (lightly wounded, 79% to hit)
You throw a throwing net.
The throwing net completely misses the two-headed ogre.
The two-headed ogre closely misses you. x2
You hit the two-headed ogre but do no damage.
The two-headed ogre is lightly wounded.
You hit the two-headed ogre.
The two-headed ogre is lightly wounded.
The two-headed ogre hits you with a +0 giant spiked club!!
The two-headed ogre hits you with a +0 giant club!!
* * * LOW HITPOINT WARNING * * *
Unknown command.
Okay, then.
It was a potion of flight.
You feel very buoyant.
You fly up into the air.
The two-headed ogre hits you with a +0 giant spiked club!!
You die...

.....#########...###..........###
###### #..(# #............. #
##### #...# #.......####.. #
##...###...###.......# ##.. #
##.###.##...))[.......###... #
##.## ##.##..######........#. #
#.## ##.#..# #..#####... ## #.#
#...O# #..# ##.. .# #.## ##.##@#
#..######## .# ##.## ##.###.#
#........# .# ##.###.## #.#
####.#####.# .# ##...##
#.####.##.#####.## .#
##.######.......#.(...)... .#
#......######......[..... .#
######.# ##########.## .# #.#
#.........# .# ##.## #.#########


You could see a two-headed ogre.

Vanquished Creatures
  Erica (D:8)
  A two-headed ogre (D:7)
  An elephant (D:7)
  3 water moccasins
  2 sky beasts
  2 black bears
  3 necrophages
  A centaur (D:5)
  3 ogres
  4 bullfrogs
  A water moccasin skeleton (D:6)
  3 killer bees (D:7)
  A howler monkey (D:7)
  2 centaur zombies
  A bullfrog zombie (D:4)
  A lava snake (D:7)
  An orc priest (D:5)
  3 hounds
  3 centaur skeletons
  3 iguanas
  Ijyb (D:5)
  4 orc wizards
  Terence (D:3)
  A scorpion zombie (D:5)
  A killer bee zombie (D:4)
  A gnoll (D:1)
  2 adders
  A shadow imp (D:6)
  4 worms (D:2)
  A dart slug (D:2)
  21 orcs
  9 endoplasms
  2 giant cockroaches (D:1)
  6 goblins
  6 hobgoblins
  A jackal (D:4)
  5 kobolds
  2 quokkas (D:1)
  12 ball pythons
  11 bats
  3 frilled lizards
  4 rats
139 creatures vanquished.

Vanquished Creatures (others)
  5 plants (D:4)
5 creatures vanquished.

Grand Total: 144 creatures vanquished

Notes
Turn   | Place    | Note
-------+----------+-------------------------------------------
     0 | D:1      | Analysis the Merfolk Gladiator began the quest for the Orb.
     0 | D:1      | Reached XP level 1. HP: 16/16 MP: 1/1
   209 | D:1      | Reached skill level 5 in Polearms
   209 | D:1      | Reached XP level 2. HP: 23/23 MP: 2/2
   228 | D:1      | Found Haur's Magic Scroll Emporium.
   474 | D:1      | Reached XP level 3. HP: 23/28 MP: 3/3
  1195 | D:2      | Reached skill level 6 in Polearms
  1712 | D:2      | Reached XP level 4. HP: 28/35 MP: 4/4
  2450 | D:3      | Found a sacrificial altar of Ru.
  2477 | D:3      | Noticed Terence
  2497 | D:3      | Killed Terence
  2866 | D:3      | Reached skill level 7 in Polearms
  2866 | D:3      | Reached XP level 5. HP: 38/42 MP: 5/5
  3255 | D:4      | Found a staircase to the Ecumenical Temple.
  3263 | Temple   | Entered the Ecumenical Temple
  3364 | Temple   | Became a worshipper of Makhleb the Destroyer
  3539 | D:5      | Entered Level 5 of the Dungeon
  3857 | D:5      | Reached skill level 8 in Polearms
  3857 | D:5      | Reached skill level 1 in Invocations
  3857 | D:5      | Reached XP level 6. HP: 37/48 MP: 6/6
  4324 | D:4      | Found Eocwotab's Eclectic Emporium.
  4375 | D:4      | Reached XP level 7. HP: 45/55 MP: 8/8
  4514 | D:4      | Found a hide-covered altar of Uskayaw.
  4585 | D:4      | Reached skill level 9 in Polearms
  5284 | D:5      | Reached skill level 5 in Fighting
  5388 | D:5      | Reached * piety under Makhleb
  5560 | D:5      | Noticed Ijyb
  5738 | D:5      | Killed Ijyb
  6019 | D:5      | Reached skill level 10 in Polearms
  6417 | D:6      | Reached XP level 8. HP: 44/63 MP: 10/10
  6527 | D:6      | Found a bloodstained altar of Trog.
  6704 | D:6      | Reached skill level 11 in Polearms
  7540 | D:7      | Reached skill level 5 in Invocations
  7729 | D:7      | Reached skill level 12 in Polearms
  7729 | D:7      | Reached XP level 9. HP: 71/71 MP: 12/12
  7812 | D:7      | Found a glowing silver altar of Zin.
  8033 | D:7      | Found a sparkling altar of Nemelex Xobeh.
  9398 | D:8      | Reached skill level 13 in Polearms
  9619 | D:8      | Noticed Erica
  9650 | D:8      | Noticed a two-headed ogre
  9916 | D:8      | Found a faded altar of an unknown god.
  9916 | D:8      | Found a hazy altar of Hepliaklqana.
  9916 | D:8      | Noticed a two-headed ogre
  9940 | D:9      | Noticed a hornet
  9949 | D:9      | Paralysed by a hornet for 1 turns
  9960 | D:9      | Noticed a two-headed ogre
 10189 | D:8      | Killed Erica
 10275 | D:7      | Killed a two-headed ogre
 10276 | D:7      | Reached skill level 14 in Polearms
 10276 | D:7      | Reached XP level 10. HP: 10/82 MP: 15/15
 10750 | D:8      | Found a faded altar of an unknown god.
 10833 | D:9      | Found a staircase to the Lair.
 10833 | D:9      | Noticed an elephant
 10867 | D:8      | Identified 2 scrolls of acquirement
 10867 | D:8      | Acquired the ring of Hiamm {rF+ rC+ AC+4 Str+6 Dex-2}
 10885 | D:7      | Killed an elephant
 10886 | D:7      | Reached skill level 5 in Dodging
 11119 | D:8      | Demolished by a two-headed ogre

Illustrated notes

Levels and vault maps discovered:
D:1:      sevenhm_arrival_forest_fort_large_4, layout_loops_ring, serial_shops,
          shop_scrolls
D:2:      layout_loops_ring, minmay_indecisive_spiral
D:3:      layout_loops_ring, nicolae_ru_sacrificial_ziggurat,
          chequers_serial_rivers_small_3, uniq_terence
D:4:      kennysheep_six_static_rooms, layout_cave_pools, old_standard_altar,
          temple_fountains, serial_bayou_lagoon_a, nicolae_alphabet_shops
D:5:      layout_layer_cave, nrook_mini_vaults, uniq_ijyb
D:6:      layout_loops_ring, old_standard_altar, centaur_isle
D:7:      layout_basic, zin_academy, nemelex_diamond_rough_becter,
          serial_park_tiny_2, grunt_decor_junction, hex_intersection
D:8:      layout_loops_ring, nicolae_hepliaklqana_ecumenical_no_more,
          minmay_misc_feat_chi, minmay_misc_feat_ornament, uniq_erica
D:9:      layout_big_octagon, amcnicky_altar_gilded, kennysheep_mini,
          david_lair_generic
Temple:   oiseaux_autumnal_temple

Skill      XL: |  1  2  3  4  5  6  7  8  9 10 |
---------------+-------------------------------+-----
Polearms       | 5 6 7 8 10 12 14 | 14.0
Fighting       | 3 4 5 6 8 |  8.9
Invocations    | 1 2 3 5 7 |  7.1
Dodging        | 5 |  5.6
Throwing       | |  2.0

Action                   |  1- 3 |  4- 6 |  7- 9 | 10-12 || total
-------------------------+-------+-------+-------+-------++-------
Melee: Trident           |   122 |   167 |   349 |    27 ||   665
Throw: Throwing net      |       |     3 |     1 |     1 ||     5
Evoke: Wand              |       |       |    35 |     8 ||    43
  Use: Potion            |       |     2 |     3 |     3 ||     8
       Scroll            |       |       |     4 |     2 ||     6
 Stab: Sleeping          |     1 |       |       |       ||     1
       Distracted        |       |     2 |       |       ||     2
       Held in net/web   |       |     3 |       |       ||     3
Armor: Leather armour    |    15 |    30 |       |       ||    45
       Ring mail         |       |    32 |   109 |    13 ||   154
Dodge: Dodged            |    47 |    92 |   139 |    31 ||   309

Table legend: (Time is in decaauts)
 A = Elapsed time spent in this place.
 B = Non-inter-level travel time spent in this place.
 C = Inter-level travel time spent in this place.
 D = Time resting spent in this place.
 E = Time spent auto-exploring this place.
 F = Levels seen in this place.
 G = Mean time per level.
                   A        B        C        D        E       F      G
               +--------+--------+--------+--------+--------+-----+--------+
         Total |  10941 |  10505 |    436 |   3156 |   4599 |  10 | 1094.1 |
       Dungeon |  10704 |  10288 |    416 |   3156 |   4388 |   9 | 1189.3 |
        Temple |    236 |    216 |     20 |      0 |    211 |   1 |  236.0 |
               +--------+--------+--------+--------+--------+-----+--------+

Top non-repeatable levels by time:
     D:7: 1992 daAuts
     D:5: 1668 daAuts
     D:8: 1306 daAuts
     D:6: 1247 daAuts
     D:2: 1205 daAuts
     D:4: 1177 daAuts
     D:1: 1042 daAuts
     D:3: 971 daAuts
  Temple: 236 daAuts
     D:9: 93 daAuts
